 Dungeon Crawl Stone Soup version 0.24.0-123-gd5b16e6ec5 (webtiles) character file.

Game seed: 15468828684149778545, levelgen mode: deterministic

172 Descartes the Skirmisher (level 5, 0/42 HPs)
             Began as a Formicid Abyssal Knight on Jan 17, 2020.
             Was a Priest of Lugonu.
             Slain by a leopard gecko (1 damage)
             ... on level 3 of the Dungeon.
             The game lasted 00:08:13 (3310 turns).

Descartes the Skirmisher (Formicid Abyssal Knight)  Turns: 3310, Time: 00:08:13

Health: 0/42       AC:  3    Str: 18    XL:     5   Next: 82%
Magic:  7/7        EV: 12    Int: 11    God:    Lugonu [***...]
Gold:   198        SH:  0    Dex: 10    Spells: 4/4 levels left

rFire    . . .     SeeInvis +   a - +1 falchion
rCold    . . .     Gourm    .   (no shield)
rNeg     . . .     Faith    .   C - +0 robe (curse)
rPois    .         Spirit   .   (helmet unavailable)
rElec    .         Reflect  .   (no cloak)
rCorr    .         Harm     .   f - +0 pair of gloves
MR       .....                  (no boots)
Stlth    +.........             o - amulet of magic regeneration
HPRegen  0.14/turn              (no ring)
MPRegen  0.35/turn              (no ring)

@: lethally poisoned (0 -> -9)
A: permanent stasis, dig shafts and tunnels, four strong arms, antennae 3
a: Dig, Shaft Self, Depart the Abyss, Bend Space, Banish, Renounce Religion


You were on level 3 of the Dungeon.
You worshipped Lugonu.
Lugonu was most pleased with you.
You were not hungry.

You visited 1 branch of the dungeon, and saw 3 of its levels.
You visited the Abyss 1 time.

You collected 198 gold pieces.

Inventory:

Hand Weapons
 a - a +1 falchion (weapon)
 n - a +1 short sword of venom
Missiles
 j - 101 stones (quivered)
 l - 34 arrows
 t - 8 boomerangs of dispersal
 v - 33 bolts
 y - a throwing net
Armour
 e - a +0 chain mail
 f - a +0 pair of gloves (worn)
 i - a +3 ring mail of cold resistance
 C - a cursed +0 robe (worn)
Jewellery
 o - an amulet of magic regeneration (around neck)
Wands
 q - a wand of polymorph (8)
Scrolls
 r - a scroll of enchant armour
 s - 2 scrolls of immolation
 A - 2 scrolls of fog
Potions
 d - 2 potions of lignification
 g - a potion of cancellation {unknown}
 h - a potion of heal wounds {unknown}
 w - a potion of flight {unknown}
 z - a potion of ambrosia {unknown}
 B - a potion of mutation {unknown}
Comestibles
 c - 9 rations
 k - a chunk of flesh


   Skills:
 + Level 4.3 Fighting
 + Level 3.1 Long Blades
 + Level 3.1 Armour
 + Level 2.0 Dodging
 + Level 3.4 Invocations


You had 4 spell levels left.
You didn't know any spells.
Your spell library was empty.

Dungeon Overview and Level Annotations

Branches:
Dungeon (3/15)

Altars:


Innate Abilities, Weirdness & Mutations

You cannot be hasted, slowed, berserked, paralysed or teleported.
You can dig through walls and to a lower floor.
Your four strong arms can wield two-handed weapons with a shield.
You have a pair of large antennae on your head. (SInv)


Message History

You feel sick. The adder bites you.
* * * LOW HITPOINT WARNING * * *
The leopard gecko bites you.
* * * LOW HITPOINT WARNING * * *
The adder bites you but does no damage.
It was a potion of magic.
Magic courses through your body.
* * * LOW HITPOINT WARNING * * *
You feel sick. The leopard gecko barely misses you. The adder bites you.
* * * LOW HITPOINT WARNING * * *
You are more poisoned.
The adder poisons you! The leopard gecko misses you.
You hit the adder.
You kill the adder!
Lugonu accepts your kill.
* * * LOW HITPOINT WARNING * * *
You feel sick. The leopard gecko bites you.
* * * LOW HITPOINT WARNING * * *
* * * LOW HITPOINT WARNING * * *
You feel sick. The leopard gecko bites you.
You die...

####################
#.........#..........
#.#######.#...........
#.#.....#.#...........
#####.#.###.#.#...........
..........#.#.#..........(
#.###.#.#.#.#.#...........
#....<#.#...#.#.@l>.......
#####.#.#####.#...........
#.#.# #)####........
#.#.#####.# #....#####
#.#.#.....# #....#
#...#.#######....#
#####.##....'....#
#######.##.####....#
#.......##...##....#


You could see a leopard gecko.

Vanquished Creatures
  Jessica (D:2)
  Robin (D:2)
  4 adders
  An ooze (D:1)
  2 worms (D:2)
  4 dart slugs
  2 leopard geckos (D:2)
  7 bats
  3 giant cockroaches (D:2)
  10 goblins
  10 hobgoblins
  12 jackals
  8 kobolds
  2 frilled lizards
  9 rats
76 creatures vanquished.

Notes
Turn   | Place    | Note
-------+----------+-------------------------------------------
     0 | Abyss:1  | Descartes the Formicid Abyssal Knight began the quest for
                  | the Orb.
     0 | Abyss:1  | Reached XP level 1. HP: 18/18 MP: 2/2
    55 | Abyss:2  | Noticed an ancient zyme
    62 | Abyss:2  | Noticed a large abomination
    78 | D:1      | Escaped the Abyss
   687 | D:1      | Reached XP level 2. HP: 22/24 MP: 3/3
   729 | D:1      | Reached skill level 1 in Dodging
  1107 | D:1      | Reached XP level 3. HP: 27/30 MP: 4/4
  1593 | D:2      | Noticed Jessica
  1706 | D:2      | Killed Jessica
  1706 | D:2      | Reached XP level 4. HP: 37/37 MP: 4/6
  1713 | D:2      | Reached skill level 4 in Fighting
  1725 | D:2      | Reached ** piety under Lugonu
  1865 | D:2      | Noticed Robin
  1887 | D:2      | Reached XP level 5. HP: 42/42 MP: 7/7
  1908 | D:2      | Killed Robin
  3082 | D:3      | Reached *** piety under Lugonu
  3309 | D:3      | HP: 2/42 [leopard gecko (1)]
  3310 | D:3      | Slain by a leopard gecko

Levels and vault maps discovered:
D:1:      lemuel_arrival_river_ford, layout_loops_ring, serial_bayou,
          serial_bayou_ford_a, serial_bayou_pond_a, serial_bayou_shore_a,
          serial_bayou_shore_b
D:2:      layout_basic, minmay_octomino_j4, uniq_jessica, uniq_robin
D:3:      layout_basic, portal_sewer_entry_b

Skill      XL: |  1  2  3  4  5 |
---------------+----------------+-----
Dodging        | 1 2 |  2.0
Fighting       | 4 |  4.3
Invocations    | 3 |  3.4
Armour         | 3 |  3.1
Long Blades    | 3 |  3.1

Action                   |  1- 3 |  4- 6 || total
-------------------------+-------+-------++-------
Melee: Falchion          |    82 |   176 ||   258
  Use: Scroll            |     3 |     8 ||    11
       Potion            |       |     1 ||     1
  Eat: Chunk             |     2 |     6 ||     8
Armor: Leather armour    |    15 |       ||    15
       Chain mail        |    28 |   108 ||   136
       Robe              |       |     5 ||     5
Dodge: Dodged            |    55 |    80 ||   135
       Rpst.: Falchion   |    10 |    22 ||    32
